 Dungeon Crawl Stone Soup version 0.16-a0-3134-g9b1347a (webtiles) character file.

1656 PolkaDot the Caller (level 8, -9/58 HPs)
             Began as a Vampire Summoner on Dec 14, 2014.
             Killed from afar by Joseph (18 damage)
             ... with a wand of lightning
             ... on level 7 of the Dungeon.
             The game lasted 00:26:19 (6448 turns).

PolkaDot the Caller (Vampire Summoner)              Turns: 6448, Time: 00:26:20

Health: -9/58      AC:  4    Str:  7    XL:     8   Next: 68%
Magic:  3/13       EV: 13    Int: 19    God:
Gold:   174        SH:  0    Dex: 14    Spells: 5 memorised, 0 levels left

rFire  + . .     SeeInvis +     g - +3 quarterstaff (chaos)
rCold  . . .     Clarity  +     i - +0 leather armour
rNeg   . . .     SustAb   .     (no shield)
rPois  .         Gourm    .     (no helmet)
rElec  .         Spirit   .     l - +0 cloak
rCorr  .         Warding  .     r - +1 pair of gloves of Nammiwna {+Inv +Fly}
rMut   .         Stasis   .     (no boots)
MR     +....                    m - amulet of clarity
Stlth  ++........               (no ring)
                                e - +1 ring of evasion

@: regenerating very quickly, somewhat resistant to hostile enchantments,
unstealthy
A: bottle blood, fangs 3, see invisible, deformed body, fire resistance 1, magic
resistance 1, unbreathing
a: Evoke Invisibility, Evoke Flight


You were on level 7 of the Dungeon.
You were almost alive.

You visited 2 branches of the dungeon, and saw 8 of its levels.

You collected 411 gold pieces.
You spent 237 gold pieces at shops.

Inventory:

Hand weapons
 g - a +3 quarterstaff of chaos (weapon)
Armour
 i - a +0 leather armour (worn)
 l - a +0 cloak (worn)
 r - the +1 pair of gloves of Nammiwna (worn) {+Inv +Fly}
   (You bought it in a shop on level 5 of the Dungeon)

   It lets you turn invisible.
   It lets you fly.
Jewellery
 e - a +1 ring of evasion (left hand)
 m - an amulet of clarity (around neck)
 x - a cursed amulet of inaccuracy {unknown}
Magical devices
 o - a wand of disintegration (7)
 u - a wand of fire (4)
 C - a wand of teleportation (4)
Scrolls
 d - a scroll of blinking
 j - 2 scrolls of enchant armour
 k - 7 scrolls of remove curse
 v - a scroll of teleportation
 w - a scroll of recharging {unknown}
 y - a scroll of random uselessness {unknown}
 z - 2 scrolls of identify
Potions
 a - a potion of ambrosia
 c - 2 potions of curing
 h - 12 potions of blood {@*1}
 p - 2 potions of berserk rage
 q - a potion of invisibility
 t - a potion of lignification {unknown}
 A - a potion of heal wounds {unknown}
 B - a potion of brilliance
Books
 b - a book of Callings

   Spells                             Type                      Level
   a - Summon Small Mammal            Summoning                    1
   b - Call Imp                       Summoning                    2
   c - Call Canine Familiar           Summoning                    3
   d - Summon Guardian Golem          Hexes/Summoning              4
   e - Summon Lightning Spire         Summoning/Air                4
   f - Summon Ice Beast               Ice/Summoning                4
 f - a book of the Sky

   Spells                             Type                      Level
   a - Flight                         Charms/Air                   3
   b - Airstrike                      Air                          4
   c - Silence                        Hexes/Air                    5
   d - Deflect Missiles               Charms/Air                   6
   e - Conjure Ball Lightning         Conjuration/Air              6
   f - Tornado                        Air                          9
 n - an Akashic Record {highlevel, unknown}

   This book is beyond your current level of understanding.

   Spells                             Type                      Level
   a - Dispersal                      Translocation                6
   b - Controlled Blink               Translocation                7
   c - Malign Gateway                 Summoning/Translocation      7
   d - Disjunction                    Translocation                8
   e - Singularity                    Translocation                9
 s - a book of Beasts

   Spells                             Type                      Level
   a - Summon Butterflies             Summoning                    1
   b - Call Canine Familiar           Summoning                    3
   c - Summon Ice Beast               Ice/Summoning                4
   d - Summon Mana Viper              Hexes/Summoning              5
   e - Monstrous Menagerie            Summoning                    6
   f - Summon Hydra                   Summoning                    7


   Skills:
 - Level 3.2 Fighting
 * Level 6.1 Staves
 - Level 2.1 Dodging
 - Level 3.0 Stealth
 - Level 2.0 Spellcasting
 + Level 7.1 Summonings
 + Level 3.5 Air Magic
 - Level 0.8 Evocations


You couldn't memorise any spells.
You knew the following spells:

 Your Spells              Type           Power        Failure   Level  Hunger
b - Summon Butterflies    Summ           ####....     1%          1    #......
d - Call Canine Familiar  Summ           ####....     2%          3    ###....
s - Call Imp              Summ           ####....     1%          2    ###....
x - Airstrike             Air            ###.......   38%         4    #####..
z - Summon Small Mammal   Summ           ####         1%          1    #......


Dungeon Overview and Level Annotations

Branches:
Dungeon (7/15)             Temple (1/1) D:6

Altars:
Ashenzari
Dithmenos
Elyvilon
Fedhas
Gozag
Kikubaaqudgha
Okawaru
Qazlal
Ru
Trog
Xom
Yredelemnul
Zin
The Shining One

Shops:
D:5 :=[:

Annotations:
D:7 Joseph


Innate Abilities, Weirdness & Mutations

Your natural rate of healing is extremely fast.
You can bottle blood from corpses.
You have razor-sharp teeth.
You have supernaturally acute eyesight.
You can survive without breathing.
Armour fits poorly on your strangely shaped body.
Your flesh is heat resistant.
You are resistant to hostile enchantments.


Message History

Joseph shoots a sling bullet.
The sling bullet hits you!
* * * LOW HITPOINT WARNING * * *
Your crimson imp blinks!
Casting: Call Imp
Confirm with . or Enter, or press ? or * to list all spells.
A beastly little devil appears in a puff of frigid air.
* * * LOW MAGIC WARNING * * *
Joseph zaps a wand.
The bolt of lightning hits your butterfly.
Your butterfly dies!
The bolt of lightning hits you!
* * * LOW HITPOINT WARNING * * *
It is a wand of lightning.
Drink which item? (? for menu, Esc to quit)
You feel better.
Your hound closely misses Joseph.
Joseph zaps a wand.
The bolt of lightning hits your hound.
Your hound dies!
Your hound's corpse disappears in a puff of smoke!
The bolt of lightning hits you!
You die...

########
#......#
#......#
#...b..#
#..b...#
#..5...+
#bb5.5.#
#.§@†..#
####......#
##..##b#.......
#......+.......
#......#.§.....
#......#.@....
#......#.....
#......#....
#......#.


You could see Joseph, 2 friendly crimson imps and a friendly white imp.

Vanquished Creatures
  A sky beast (D:6)
  A centaur (D:5)
  An ice beast (D:5)
  A phantom (D:6)
  3 giant frogs
  A scorpion (D:5)
  4 wights (D:6)
  A crimson imp (D:6)
  A jelly (D:6)
  An orc priest (D:6)
  A quasit (D:5)
  Crazy Yiuf (D:2)
  2 hounds
  A worker ant (D:6)
  2 orc wizards
  2 iguanas
  Jessica (D:2)
  A hound skeleton (D:7)
  9 adders
  A shadow imp (D:5)
  2 worms (D:2)
  2 oozes
  11 orcs
  11 bats
  3 bat skeletons
  5 giant cockroaches
  12 hobgoblins
  A jackal (D:7)
  5 quokkas
  2 giant geckos (D:5)
  A giant gecko skeleton (D:5)
  5 giant newts
  11 goblins
  A jackal skeleton (D:4)
  5 kobolds
  11 rats
124 creatures vanquished.

Vanquished Creatures (collateral kills)
  A sky beast (D:5)
  2 ogres
  An orc warrior (D:6)
  A wight (D:6)
  2 orc wizards (D:4)
  3 adders (D:2)
  A giant mite (D:2)
  A worm (D:2)
  2 giant geckos
  3 orcs
  A hobgoblin (D:1)
  2 bats (D:1)
  3 kobolds
  A rat (D:1)
24 creatures vanquished.

Vanquished Creatures (others)
  A phantom (D:7)
  4 hounds
  A white imp (D:6)
  A quokka (D:2)
  A butterfly (D:7)
8 creatures vanquished.

Grand Total: 156 creatures vanquished

Notes
Turn   | Place    | Note
--------------------------------------------------------------
     0 | D:1      | PolkaDot, the Vampire Summoner, began the quest for the Orb.
     0 | D:1      | Reached XP level 1. HP: 13/13 MP: 3/3
   288 | D:1      | Reached skill level 1 in Fighting
   591 | D:1      | Reached XP level 2. HP: 19/21 MP: 1/4
   988 | D:1      | Learned a level 2 spell: Call Imp
  1079 | D:2      | Found a sacrificial altar of Ru.
  1245 | D:2      | Reached XP level 3. HP: 27/27 MP: 6/6
  1667 | D:2      | Noticed Jessica
  1679 | D:2      | Killed Jessica
  1682 | D:2      | Found a bloodstained altar of Trog.
  1859 | D:2      | Reached XP level 4. HP: 9/34 MP: 1/7
  2260 | D:2      | Noticed Crazy Yiuf
  2273 | D:2      | Learned a level 3 spell: Call Canine Familiar
  2280 | D:2      | Gained mutation: You are resistant to hostile enchantments. [potion of mutation]
  2280 | D:2      | Gained mutation: Your flesh is heat resistant. [potion of mutation]
  2280 | D:2      | Gained mutation: Armour fits poorly on your strangely shaped body. [potion of mutation]
  2285 | D:2      | Killed Crazy Yiuf
  2389 | D:3      | Found an ancient bone altar of Kikubaaqudgha.
  2508 | D:3      | Reached skill level 1 in Staves
  2508 | D:3      | Reached XP level 5. HP: 32/41 MP: 9/9
  2740 | D:3      | Reached skill level 5 in Summonings
  3120 | D:4      | Found a basalt altar of Yredelemnul.
  3331 | D:4      | Reached XP level 6. HP: 47/47 MP: 10/10
  3600 | D:4      | Noticed an ogre
  3618 | D:4      | Killed an ogre
  3806 | D:5      | Entered Level 5 of the Dungeon
  3839 | D:5      | Found Chunul's Book Shoppe.
  3949 | D:5      | Reached XP level 7. HP: 40/52 MP: 12/12
  4079 | D:5      | Found an iron altar of Okawaru.
  4108 | D:5      | Reached skill level 6 in Summonings
  4123 | D:5      | Learned a level 4 spell: Airstrike
  4126 | D:5      | Found Twacaf's Jewellery Shop.
  4183 | D:5      | Reached skill level 1 in Air Magic
  4214 | D:5      | Found Cloes' Book Emporium.
  4519 | D:5      | Found Cib Cura's Antique Armour Boutique.
  4522 | D:5      | Bought a pair of transparent gloves for 237 gold pieces
  4527 | D:5      | Identified the +1 pair of gloves of Nammiwna {+Inv +Fly} (You bought it in a shop on level 5 of the Dungeon)
  5035 | D:6      | Reached XP level 8. HP: 33/58 MP: 5/13
  5036 | D:6      | Reached skill level 5 in Staves
  5335 | D:6      | Found an iron altar of Okawaru.
  5635 | D:6      | Found a staircase to the Ecumenical Temple.
  5701 | Temple   | Entered the Ecumenical Temple
  6122 | D:6      | Reached skill level 7 in Summonings
  6187 | D:6      | Learned a level 1 spell: Summon Butterflies
  6440 | D:7      | Noticed Joseph
  6448 | D:7      | Killed from afar by Joseph

Action                   |  1- 3 |  4- 6 |  7- 9 || total
-------------------------+-------+-------+-------++-------
Melee: Unarmed           |    62 |       |       ||    62
       Short sword       |    68 |     8 |       ||    76
       Quarterstaff      |       |   128 |   168 ||   296
 Cast: Summon Small Mamm |    10 |       |       ||    10
       Call Imp          |     6 |     5 |    12 ||    23
       Call Canine Famil |       |     3 |     8 ||    11
       Airstrike         |       |       |     1 ||     1
       Summon Butterflie |       |       |     2 ||     2
  Use: Potion            |     4 |    15 |    20 ||    39
       Scroll            |       |     3 |     4 ||     7
 Stab: Sleeping          |     4 |     7 |     2 ||    13
       Distracted        |     2 |       |     2 ||     4
       Paralysed         |       |     1 |     4 ||     5
       Confused          |       |       |     1 ||     1
  Eat: Corpse            |    10 |    10 |       ||    20
